 Dungeon Crawl Stone Soup version 0.31-a0-963-ga325b2283a (webtiles) character file.

Game seed: 7123654080240127133

180 Xavori the Trooper (level 5, -2/45 HPs)
             Began as a Djinni Chaos Knight on Oct 26, 2023.
             Was a Plaything of Xom.
             Slain by a gnoll
             ... wielding a +0 halberd
             ... led by a gnoll bouda
              (10 damage)
             ... on level 4 of the Dungeon.
             The game lasted 00:03:18 (6153 turns).

Xavori the Trooper (Djinni Chaos Knight)            Turns: 6153, Time: 00:03:18

Health: -2/45      AC:  7    Str: 10 (13) XL:     5   Next: 91%
Gold:   174        EV: 12    Int: 19 (20) God:    Xom [..*...] SH:  4 Dex:  9 (12)

rFire   + + .        a - +0 falchion (chaos)
rCold   x . .        (no shield)
rNeg    . . .        b - +2 leather armour
rPois   ∞            (helmet restricted)
rElec   .            (no cloak)
rCorr   .            (no gloves)
SInv    .            (boots unavailable)
Will    .....        (no amulet)
Stlth   +            (no ring)
HPRegen 0.27/turn    (no ring)
MPRegen 0.00/turn

%: clarity, infuse magic (-3 HP)
@: flying
A: sickness immunity, fire resistance 2, cold vulnerability 1, float, innate
caster, HP casting, extra vitality 1, antennae 2, iridescent scales 1, large
bone plates 1, clarity, clever 2, robust 1, strong 1, wild magic 1, MP-powered
wands
a: Renounce Religion


You were on level 4 of the Dungeon.
You worshipped Xom.
You were a toy of Xom.
You visited 1 branch of the dungeon, and saw 4 of its levels.

You collected 174 gold pieces.

Inventory:

Hand Weapons
 a - a +0 falchion of chaos (weapon)
Armour
 b - a +2 leather armour (worn)
Scrolls
 c - a scroll of butterflies
 e - a scroll of revelation {unknown}
 f - a scroll of torment {unknown}
 g - 5 scrolls of identify {unknown}
 h - a scroll of poison {unknown}
 j - a scroll of noise {unknown}
 k - a scroll of enchant weapon {unknown}
 m - 3 scrolls of teleportation {unknown}
 q - 3 scrolls of fear {unknown}
Potions
 d - a potion of might {unknown}


   Skills:
 + Level 3.7 Fighting
 + Level 3.3 Long Blades
 + Level 2.3 Armour
 + Level 3.2 Dodging
 * Level 1.7 Spellcasting
 * Level 1.7 Conjurations
 * Level 1.7 Hexes
   Level 0.0 Charms
 * Level 1.7 Summonings
 * Level 1.7 Necromancy
 * Level 1.7 Translocations
 * Level 1.7 Transmutations
 * Level 1.7 Fire Magic
 * Level 1.7 Ice Magic
 * Level 1.7 Air Magic
 * Level 1.7 Earth Magic
 * Level 1.7 Poison Magic


You knew the following spells:

 Your Spells              Type           Power      Damage    Failure   Level
a - Shock                 Conj/Air       40%        1d5       17%         1
b - Momentum Strike       Conj/Tloc      20%        3d8       24%         2
Your spell library was empty.

Dungeon Overview and Level Annotations

Branches:
Dungeon (4/15)             Temple (0/1) D:4

Altars:
Xom


Innate Abilities, Weirdness & Mutations

You are immune to sickness and miasma.
You are immune to poison.
Your flesh is very heat resistant. (rF++)
You are vulnerable to cold. (rC-)
You float through the air rather than walking.
You learn spells naturally, not from books.
Your magical power is your life essence.
You have superior vitality. (+4 MHP)
You have a pair of antennae on your head.
You are partially covered in iridescent scales. (AC +2)
You are partially covered in large bone plates. (SH +4)
You possess an exceptional clarity of mind.
Your mind is very acute. (Int +8, Str/Dex -2)
You are robust. (+10% HP)
Your muscles are strong. (Str +4, Int/Dex -1)
Your spells are a little harder to cast, but a little more powerful.
You expend health (3 HP) to strengthen your wands.


Message History

The gnoll bouda suddenly seems more agile.
The gnoll bouda is heavily wounded.
The gnoll is no longer moving quickly.
The gnoll closely misses you. You block the gnoll bouda's attack.
The gnoll bouda hits you but does no damage.
The gnoll hits you from afar with a +0 halberd!
You closely miss the gnoll bouda.
The gnoll bouda is heavily wounded.
The gnoll bouda hits you with a +0 whip!
* * * LOW HITPOINT WARNING * * *
The gnoll misses you.
The gnoll bouda attacks as it pursues you!
The gnoll bouda hits you with a +0 whip.
* * * LOW HITPOINT WARNING * * *
The gnoll attacks as it pursues you! The gnoll misses you.
You see here a +0 flail.
It was a potion of degeneration.
There was something very wrong with that liquid.
You feel weakened.
You feel dopey.
You feel clumsy. The gnoll closely misses you.
The gnoll bouda barks out a call to the hunt!
The gnoll picks up the pace!
It was a potion of curing.
You feel better. You block the gnoll's attack.
The gnoll bouda utters an invocation to its god.
The gnoll bouda is healed somewhat.
It was a potion of resistance.
You feel protected.
The gnoll hits you from afar with a +0 halberd!
The gnoll bouda hits you with a +0 whip.
* * * LOW HITPOINT WARNING * * *
It was a potion of cancellation.
Your magical effects are unravelling.
You feel magically purged.
Xom roars with laughter!
Your resistance to elements expires.
Xom's power almost touches on you for a moment.
The floor seems to fall away from under you!
The gnoll hits you from afar with a +0 halberd!
You die...
Xom chuckles heartily!

######.##..#...##.# ,,,
..g..g.....##.....# *, , ,
######.#...#...#).######.
,***
###........##........., * *
#.....g........##.... .
....$.....ggg.........,.#,
,,
###.#...###g##†..##.###.#*,
, #.#..## #g##...#.#,#.. ,,
#.#..* #.@.....###..,**, ,
#.. ####..#..#.#* ##.# ..#,
* #.......##..... .. ,*
#.............#* *,
#..###..######* ,** #..#
#..# , ,* #..###)†# ** * ,*
#.......# *,,,, * *,
*##.####.## *,***


You could see a gnoll bouda (agile) and 3 gnolls.

Vanquished Creatures
  A scorpion (D:4)
  A jelly (D:4)
  A gnoll (D:4)
  An adder (D:3)
  A worm (D:2)
  2 dart slugs
  2 orcs (D:3)
  2 endoplasms
  3 giant cockroaches
  6 goblins
  3 hobgoblins
  10 jackals (D:2)
  7 kobolds
  3 quokkas
  6 ball pythons
  6 bats
  2 frilled lizards
  3 rats
60 creatures vanquished.

Vanquished Creatures (others)
  A frilled lizard (D:3)
1 creature vanquished.

Grand Total: 61 creatures vanquished

Notes
Turn   | Place    | Note
-------+----------+-------------------------------------------
     0 | D:1      | Xavori the Djinni Chaos Knight began the quest for the Orb.
     0 | D:1      | Reached XP level 1. HP: 20/20 MP: 0/0
   127 | D:1      | XOM: silly message
   163 | D:1      | Reached XP level 2. HP: 25/25 MP: 0/0
  1064 | D:2      | Identified the +6 sling "Xuhent" {freeze, +Blink Fly Will-
                  | Dex+3}
  1150 | D:1      | XOM: cloud trail
  1385 | D:1      | XOM: god gift: scroll labelled BIXUON TUHEM {god gift}
  1470 | D:1      | XOM: summons 1 hostile demon
  1471 | D:1      | Noticed a rust devil
  1697 | D:1      | XOM: silly message
  2296 | D:1      | XOM: scenery: create altars
  2933 | D:1      | XOM: give mutations
  2933 | D:1      | Gained mutation: You possess an exceptional clarity of
                  | mind. [Xom's grace]
  2933 | D:1      | Gained mutation: You are partially covered in iridescent
                  | scales. (AC +2) [Xom's grace]
  2933 | D:1      | Gained mutation: You expend health (3 HP) to strengthen
                  | your wands. [Xom's grace]
  3079 | D:1      | XOM: draining
  3255 | D:1      | XOM: give mutation
  3255 | D:1      | Gained mutation: Your mind is acute. (Int +4, Str/Dex -1)
                  | [Xom's grace]
  3785 | D:1      | XOM is BORED!
  3785 | D:1      | XOM: give mutation
  3785 | D:1      | Gained mutation: You are somewhat resistant to further
                  | mutation. [Xom's mischief]
  4462 | D:1      | XOM: summons 2 hostile demons
  4514 | D:2      | Reached XP level 3. HP: 25/26 MP: 0/0
  4514 | D:2      | Learned a level 1 spell: Shock
  4610 | D:2      | XOM: give mutations
  4610 | D:2      | Gained mutation: You have a pair of small antennae on your
                  | head. [Xom's grace]
  4610 | D:2      | Gained mutation: Your mind is very acute. (Int +8, Str/Dex
                  | -2) [Xom's grace]
  4610 | D:2      | Lost mutation: You are somewhat resistant to further
                  | mutation. [Xom's grace]
  4610 | D:2      | Gained mutation: You have hidden genetic potential. [Xom's
                  | grace]
  4610 | D:2      | Gained mutation: Your muscles are strong. (Str +4, Int/Dex
                  | -1) [Xom's grace]
  4699 | D:2      | XOM: give mutations
  4699 | D:2      | Gained mutation: You are robust. (+10% HP) [Xom's grace]
  4699 | D:2      | Gained mutation: You are partially covered in large bone
                  | plates. (SH +4) [Xom's grace]
  4906 | D:2      | Reached skill level 1 in Spellcasting
  4906 | D:2      | Reached skill level 1 in Conjurations
  4906 | D:2      | Reached skill level 1 in Hexes
  4906 | D:2      | Reached skill level 1 in Summonings
  4906 | D:2      | Reached skill level 1 in Necromancy
  4906 | D:2      | Reached skill level 1 in Translocations
  4906 | D:2      | Reached skill level 1 in Transmutations
  4906 | D:2      | Reached skill level 1 in Fire Magic
  4906 | D:2      | Reached skill level 1 in Ice Magic
  4906 | D:2      | Reached skill level 1 in Air Magic
  4906 | D:2      | Reached skill level 1 in Earth Magic
  4906 | D:2      | Reached skill level 1 in Poison Magic
  5044 | D:2      | Reached XP level 4. HP: 37/37 MP: 0/0
  5223 | D:3      | XOM: stealth player
  5260 | D:3      | Gained mutation: You have a pair of antennae on your head.
                  | [hidden potential]
  5327 | D:3      | Identified the +0 whip of the Dwarven Hall {flame, rElec
                  | rF+ Will++ Str-2}
  5377 | D:3      | XOM: enchant monster (good)
  5515 | D:3      | XOM: divination: magic mapping
  5565 | D:3      | Found a faded altar of an unknown god.
  5826 | D:3      | XOM: cloud trail
  5897 | D:4      | XOM: god gift: 29 gold pieces
  5953 | D:4      | Found a staircase to the Ecumenical Temple.
  5953 | D:4      | XOM: 2-stop teleportation journey
  5958 | D:4      | Reached XP level 5. HP: 36/44 MP: 0/0
  5958 | D:4      | Learned a level 2 spell: Momentum Strike
  6016 | D:4      | XOM: divination: magic mapping
  6055 | D:4      | Gained mutation: Your spells are a little harder to cast,
                  | but a little more powerful. [hidden potential]
  6055 | D:4      | Lost mutation: You have hidden genetic potential. [hidden
                  | potential expressed]
  6153 | D:4      | XOM: silly message
  6153 | D:4      | Slain by a gnoll

Illustrated notes

Levels and vault maps discovered:
D:1:      erik_arrival_cave_to_civilisation [erik_arrival_cave_to_hall],
          layout_basic, kennysheep_flooded_box, chequers_serial_rivers_micro_b
D:2:      layout_loops_ring
D:3:      layout_loops_ring, ebering_ecumenical_altar_webs
D:4:      minmay_evil_eye, layout_loops_ring, minmay_temple_entry_antechambers,
          serial_shops, nicolae_shop_crystal

Skill      XL: |  1  2  3  4  5 |
---------------+----------------+-----
Long Blades    | 3 |  3.3
Spellcasting   | 1 |  1.7
Conjurations   | 1 |  1.7
Hexes          | 1 |  1.7
Summonings     | 1 |  1.7
Necromancy     | 1 |  1.7
Translocations | 1 |  1.7
Transmutations | 1 |  1.7
Fire Magic     | 1 |  1.7
Ice Magic      | 1 |  1.7
Air Magic      | 1 |  1.7
Earth Magic    | 1 |  1.7
Poison Magic   | 1 |  1.7
Armour         | 2 |  2.3
Dodging        | 3 |  3.2
Fighting       | |  3.7

Action                     |  1- 3 |  4- 6 || total
---------------------------+-------+-------++-------
  Melee: Falchion          |   119 |    92 ||   211
         Punch             |     1 |       ||     1
    Use: Scroll            |     1 |       ||     1
         Potion            |       |     5 ||     5
   Stab: Sleeping          |       |     2 ||     2
 Armour: Leather armour    |    82 |    69 ||   151
  Dodge: Dodged            |    90 |    67 ||   157
  Block: Other             |     5 |    18 ||    23

Table legend: (Time is in decaauts)
 A = Elapsed time spent in this place.
 B = Non-inter-level travel time spent in this place.
 C = Inter-level travel time spent in this place.
 D = Time resting spent in this place.
 E = Time spent auto-exploring this place.
 F = Levels seen in this place.
 G = Mean time per level.
                   A        B        C        D        E       F      G
               +--------+--------+--------+--------+--------+-----+--------+
         Total |   6186 |   6110 |     76 |   3476 |   2143 |   4 | 1546.5 |
       Dungeon |   6186 |   6110 |     76 |   3476 |   2143 |   4 | 1546.5 |
               +--------+--------+--------+--------+--------+-----+--------+

Top non-repeatable levels by time:
     D:1: 4242 daAuts
     D:2: 1001 daAuts
     D:3: 634 daAuts
     D:4: 308 daAuts
